Stars vs Rampage

Created - Wednesday, December 17, 2014 at 01:53

Goals
1 2 3 T
Stars 1 0 0 1
Rampage 1 2 2 5
Shots
1 2 3 T
Stars 9 8 4 21
Rampage 3 7 10 20

1st period

1. Rampage , Matt D'Agostini 10 (Mikael Samuelsson) at 1:56
2. Stars , Carlo Colaiacovo 9 (Alexandre Grenier) at 14:29

Penalties :
No Penalty

2nd period

3. Rampage , Matt Puempel 8 (Mikael Samuelsson, Andrey Pedan) at 0:29
4. Rampage , Eric Boulton 15 (Matt D'Agostini) at 1:49 (PP)

Penalties :
Austin Madaisky (TEX) for Roughing (Minor) at 1:32

3rd period

5. Rampage , Eric Boulton 16 (Matt Puempel, Matt D'Agostini) at 0:34 (PP)
6. Rampage , Matt D'Agostini 11 (Charles-Olivier Roussel, Mikael Samuelsson) at 12:21

Penalties :
Patrik Nemeth (TEX) for Tripping (Minor) at 0:17, Andrey Pedan (SAN) for Holding (Minor) at 9:11

Goalie Stats

Joey MacDonald (TEX), 7 saves from 8 shots - (0.875), 19:26 minutes
Hannu Toivonen (TEX), 8 saves from 12 shots - (0.667), L, 0-4-0, 40:34 minutes
Mike Murphy (SAN), 20 saves from 21 shots - (0.952), W, 3-14-1, 60:00 minutes

Players Stats for Stars

Player Name              G  A  P  +/- PIM S  H  SB GA TA FO     MP     PP MP  PK MP  
------------------------------------------------------------------------------------
Alexandre Grenier        0  1  1   0  0   2  1  0  6  0  1/1    19:01   0:52   0:34 
Austin Madaisky          0  0  0  -2  2   0  3  1  1  2  0/0    27:06   1:19   0:17 
Brett Ponich             0  0  0   0  0   0  1  1  0  0  0/0     6:33   0:00   0:00 
Carlo Colaiacovo         1  0  1   1  0   2  1  1  1  0  0/0    14:15   0:00   0:00 
Carter Bancks            0  0  0   0  0   4  2  0  0  0  0/0    17:25   0:00   0:00 
Jamie Oleksiak           0  0  0   0  0   0  0  0  0  0  0/0     2:44   0:00   0:00 
Joonas Rask              0  0  0   0  0   0  0  0  0  0  0/0     0:00   0:00   0:00 
Justin Shugg             0  0  0  -2  0   4  6  0  5  1  5/5    21:53   1:14   0:00 
Matt Lowry               0  0  0   0  0   1  2  0  2  0  2/7    16:49   0:00   0:00 
Matt Tennyson            0  0  0   0  0   1  3  0  2  1  0/0    23:37   1:19   0:34 
Matt Watkins             0  0  0   0  0   0  0  0  2  1  0/0    19:28   0:45   0:00 
Michael Davies           0  0  0   0  0   5  1  0  4  0  0/0    19:02   0:45   0:00 
Patrik Nemeth            0  0  0  -3  2   0  0  2  1  1  0/0    26:29   0:40   0:17 
Spencer Machacek         0  0  0   0  0   0  0  1  0  0  0/0     1:46   0:00   0:00 
Steven Delisle           0  0  0   0  0   0  1  0  0  0  0/0    21:51   0:40   0:00 
Vinny Saponari           0  0  0  -2  0   0  0  0  0  0  3/3    22:16   1:14   0:34 
Wacey Hamilton           0  0  0   0  0   0  1  0  0  1  4/8    19:20   1:07   0:00 
Zac Dalpe                0  0  0  -2  0   2  2  1  3  0  7/12   19:44   0:00   0:00 

Players Stats for Rampage

Player Name              G  A  P  +/- PIM S  H  SB GA TA FO     MP     PP MP  PK MP  
------------------------------------------------------------------------------------
Andrei Loktionov         0  0  0   0  0   0  0  0  5  1  0/0    19:02   0:00   0:00 
Andrey Pedan             0  1  1   2  2   1  0  0  0  2  0/0    24:33   0:34   0:00 
Calle Jarnkrok           0  0  0   0  0   4  0  0  2  1  5/8    19:02   0:00   0:00 
Charles-Olivier Roussel  0  1  1   3  0   0  0  2  0  0  0/0    25:50   0:00   0:10 
Eric Boulton             2  0  2   0  0   4  4  0  1  2  0/1    17:05   0:34   1:03 
Farm Player21            0  0  0  -1  0   0  2  0  0  0  2/3    13:51   0:00   0:41 
Farm Player22            0  0  0   0  0   0  1  0  0  1  0/0    16:40   0:00   0:18 
Joe Diamond              0  0  0   0  0   0  0  0  0  0  0/0     0:21   0:00   0:00 
Johan Sundstrom          0  0  0   0  0   0  0  0  0  1  0/0     3:03   0:00   0:00 
John Persson             0  0  0  -1  0   1  0  0  0  0  0/0    17:04   0:00   1:18 
Martin Frk               0  0  0   0  0   0  0  1  0  0  0/0    19:11   0:00   0:00 
Matt D'Agostini          2  2  4   3  0   3  1  1  2  1  2/7    22:17   0:34   0:10 
Matt Puempel             1  1  2   2  0   5  2  1  0  1  1/4    22:23   0:34   0:38 
Mikael Samuelsson        0  3  3   3  0   1  1  1  1  0  4/13   20:51   0:00   0:00 
Nick Tuzzolino           0  0  0   0  0   0  5  0  0  0  0/0    24:12   0:00   1:49 
Ryan Potulny             0  0  0   0  0   0  0  1  0  1  0/0     4:50   0:00   0:00 
Tim Miller               0  0  0   0  0   0  0  0  0  1  0/0     2:10   0:00   0:00 
Will O'Neill             0  0  0  -1  0   1  1  2  2  2  0/0    25:30   0:34   1:49 

3 Stars

1 - Matt D'Agostini (SAN)
2 - Eric Boulton (SAN)
3 - Mikael Samuelsson (SAN)

Power Play

Stars - 0 on 1 Attempt(s) - 0.00%
Rampage - 2 on 2 Attempt(s) - 100.00%

Penalty Kill

Stars - 0 on 2 Attempt(s) - 0.00% - Score 0 goal in Penalty Kill
Rampage - 1 on 1 Attempt(s) - 100.00% - Score 0 goal in Penalty Kill

Official

Referees : Unknown
Linesman : Unknown

Game Notes

Joey MacDonald enters game at 0:34 of 3rd period
Carlo Colaiacovo is injured at 11:59 of 3rd period (Strained Left Elbow)

Finance

Level 1 -- Attendance: 1507 (75.35%) -- Ticket Income $52,745
Level 2 -- Attendance: 758 (75.80%) -- Ticket Income $11,370
Total Attendance: 2265 (75.50%)
Total Ticket Income: $64,115
Other Income: $31,416
Total Income: $95,531

Stars

5 vs 5 Forward 
   Center                   Left Wing                Right Wing               Time % Phy DF OF 
 1 Zac Dalpe                Justin Shugg             Vinny Saponari           35     1   2  2  
 2 Wacey Hamilton           Matt Watkins             Michael Davies           30     1   2  2  
 3 Matt Lowry               Carter Bancks            Alexandre Grenier        22     1   2  2  
 4 Zac Dalpe                Justin Shugg             Vinny Saponari           13     1   2  2  

5 vs 5 Defense 
   Defense                  Defense                                           Time % Phy DF OF 
 1 Matt Tennyson            Austin Madaisky                                   35     1   2  2  
 2 Steven Delisle           Patrik Nemeth                                     30     1   2  2  
 3 Patrik Nemeth            Austin Madaisky                                   22     1   2  2  
 4 Austin Madaisky          Patrik Nemeth                                     13     1   2  2  

PowerPlay Forward 
   Center                   Left Wing                Right Wing               Time % Phy DF OF 
 1 Vinny Saponari           Justin Shugg             Alexandre Grenier        60     1   2  2  
 2 Wacey Hamilton           Matt Watkins             Michael Davies           40     1   2  2  

PowerPlay Defense
   Defense                  Defense                                           Time % Phy DF OF 
 1 Matt Tennyson            Austin Madaisky                                   60     1   2  2  
 2 Steven Delisle           Patrik Nemeth                                     40     1   2  2  

Penalty Kill 4 Players Forward 
   Center                   Wing                     Time % Phy DF OF 
 1 Vinny Saponari           Alexandre Grenier        60     1   2  2  
 2 Justin Shugg             Michael Davies           40     1   2  2  

Penalty Kill 4 Players Defense
   Defense                  Defense                  Time % Phy DF OF 
 1 Matt Tennyson            Austin Madaisky          60     1   2  2  
 2 Steven Delisle           Patrik Nemeth            40     1   2  2  

Penalty Kill - 3 Players Forward 
   Forward                                           Time % Phy DF OF 
 1 Justin Shugg                                      60     1   2  2  
 2 Michael Davies                                    40     1   2  2  

Penalty Kill - 3 Players Defense
   Defense                  Defense                  Time % Phy DF OF 
 1 Matt Tennyson            Austin Madaisky          60     1   2  2  
 2 Steven Delisle           Patrik Nemeth            40     1   2  2  

4 vs 4 Forward 
   Center                   Wing                     Time % Phy DF OF 
 1 Vinny Saponari           Alexandre Grenier        60     1   2  2  
 2 Justin Shugg             Michael Davies           40     1   2  2  

4 vs 4 Defense
   Defense                  Defense                  Time % Phy DF OF 
 1 Patrik Nemeth            Steven Delisle           60     1   2  2  
 2 Austin Madaisky          Matt Tennyson            40     1   2  2  

Last Minutes Offensive
   Center                   Left Wing                Right Wing               Defense                  Defense                  
   Zac Dalpe                Justin Shugg             Vinny Saponari           Matt Tennyson            Patrik Nemeth            

Last Minutes Defensive
   Center                   Left Wing                Right Wing               Defense                  Defense                  
   Zac Dalpe                Justin Shugg             Vinny Saponari           Matt Tennyson            Patrik Nemeth            

Goaltenders
Starting : Hannu Toivonen           
Backup : Joey MacDonald           

Extra Forwards
Normal : Alexandre Grenier, Vinny Saponari, Carter Bancks - PP : Alexandre Grenier, Vinny Saponari - PK : Carter Bancks
Extra Defensemen
Normal : Patrik Nemeth, Steven Delisle, Austin Madaisky - PP : Patrik Nemeth - PK : Austin Madaisky, Patrik Nemeth
Penalty Shots
Carter Bancks, Vinny Saponari, Justin Shugg, Michael Davies, Alexandre Grenier

Rampage

5 vs 5 Forward 
   Center                   Left Wing                Right Wing               Time % Phy DF OF 
 1 Mikael Samuelsson        Matt Puempel             Matt D'Agostini          35     1   2  2  
 2 Calle Jarnkrok           Andrei Loktionov         Martin Frk               30     1   2  2  
 3 Matt D'Agostini          Eric Boulton             Mikael Samuelsson        22     1   2  2  
 4 Mikael Samuelsson        John Persson             Matt Puempel             13     1   2  2  

5 vs 5 Defense 
   Defense                  Defense                                           Time % Phy DF OF 
 1 Will O'Neill             Nick Tuzzolino                                    35     1   2  2  
 2 Charles-Olivier Roussel  Andrey Pedan                                      30     1   2  2  
 3 Charles-Olivier Roussel  Andrey Pedan                                      22     1   2  2  
 4 Charles-Olivier Roussel  Farm Player22                                     13     1   2  2  

PowerPlay Forward 
   Center                   Left Wing                Right Wing               Time % Phy DF OF 
 1 Matt D'Agostini          Matt Puempel             Eric Boulton             60     1   2  2  
 2 John Persson             Mikael Samuelsson        Martin Frk               40     1   2  2  

PowerPlay Defense
   Defense                  Defense                                           Time % Phy DF OF 
 1 Andrey Pedan             Will O'Neill                                      60     1   2  2  
 2 Charles-Olivier Roussel  Nick Tuzzolino                                    40     1   2  2  

Penalty Kill 4 Players Forward 
   Center                   Wing                     Time % Phy DF OF 
 1 Eric Boulton             John Persson             60     1   2  2  
 2 Matt Puempel             Matt D'Agostini          40     1   2  2  

Penalty Kill 4 Players Defense
   Defense                  Defense                  Time % Phy DF OF 
 1 Will O'Neill             Nick Tuzzolino           60     1   2  2  
 2 Charles-Olivier Roussel  Andrey Pedan             40     1   2  2  

Penalty Kill - 3 Players Forward 
   Forward                                           Time % Phy DF OF 
 1 Eric Boulton                                      60     1   2  2  
 2 Matt Puempel                                      40     1   2  2  

Penalty Kill - 3 Players Defense
   Defense                  Defense                  Time % Phy DF OF 
 1 Will O'Neill             Farm Player22            60     1   2  2  
 2 Charles-Olivier Roussel  Andrey Pedan             40     1   2  2  

4 vs 4 Forward 
   Center                   Wing                     Time % Phy DF OF 
 1 John Persson             Eric Boulton             60     1   2  2  
 2 Matt Puempel             Mikael Samuelsson        40     1   2  2  

4 vs 4 Defense
   Defense                  Defense                  Time % Phy DF OF 
 1 Andrey Pedan             Nick Tuzzolino           60     1   2  2  
 2 Charles-Olivier Roussel  Will O'Neill             40     1   2  2  

Last Minutes Offensive
   Center                   Left Wing                Right Wing               Defense                  Defense                  
   Mikael Samuelsson        Matt Puempel             Matt D'Agostini          Charles-Olivier Roussel  Will O'Neill             

Last Minutes Defensive
   Center                   Left Wing                Right Wing               Defense                  Defense                  
   Mikael Samuelsson        Matt Puempel             Matt D'Agostini          Charles-Olivier Roussel  Will O'Neill             

Goaltenders
Starting : Mike Murphy              
Backup : Matt Hackett             

Extra Forwards
Normal : Eric Boulton, John Persson, Matt Puempel - PP : Eric Boulton, John Persson - PK : Matt Puempel
Extra Defensemen
Normal : Charles-Olivier Roussel, Andrey Pedan, Nick Tuzzolino - PP : Charles-Olivier Roussel - PK : Charles-Olivier Roussel, Andrey Pedan
Penalty Shots
John Persson, Mikael Samuelsson, Matt Puempel, Matt D'Agostini, Eric Boulton

% Time on Ice - Stars

Lines # - Real PCT - Wanted PCT - Time Play
Normal Forward
1 - 30% - 35% - 17:27
2 - 31% - 30% - 17:55
3 - 31% - 22% - 17:51
4 - 7% - 13% - 4:14
Normal Defense
1 - 38% - 35% - 21:44
2 - 36% - 30% - 20:50
3 - 18% - 22% - 10:23
4 - 8% - 13% - 4:30
PP Forward
1 - 62% - 60% - 1:14
2 - 38% - 40% - 0:45
PP Defense
1 - 66% - 60% - 1:19
2 - 34% - 40% - 0:40
PK Forward
1 - 100% - 60% - 0:34
2 - 0% - 40% - 0:00
PK Defense
1 - 100% - 60% - 0:34
2 - 0% - 40% - 0:00
PK3 Forward
1 - 0% - 60%
2 - 0% - 40%
PK3 Defense
1 - 0% - 60%
2 - 0% - 40%
44 Forward
1 - 0% - 60%
2 - 0% - 40%
44 Defense
1 - 0% - 60%
2 - 0% - 40%
Last Minute Offensive  - 0:00
Last Minute Defensive  - 0:00
Total
Forward - 60:00
Defense - 60:00

% Time on Ice - Rampage

Lines # - Real PCT - Wanted PCT - Time Play
Normal Forward
1 - 22% - 35% - 12:51
2 - 35% - 30% - 19:58
3 - 22% - 22% - 12:51
4 - 21% - 13% - 11:47
Normal Defense
1 - 39% - 35% - 22:37
2 - 23% - 30% - 13:20
3 - 17% - 22% - 9:29
4 - 21% - 13% - 12:01
PP Forward
1 - 100% - 60% - 0:34
2 - 0% - 40% - 0:00
PP Defense
1 - 100% - 60% - 0:34
2 - 0% - 40% - 0:00
PK Forward
1 - 100% - 60% - 1:59
2 - 0% - 40% - 0:00
PK Defense
1 - 92% - 60% - 1:49
2 - 8% - 40% - 0:10
PK3 Forward
1 - 0% - 60%
2 - 0% - 40%
PK3 Defense
1 - 0% - 60%
2 - 0% - 40%
44 Forward
1 - 0% - 60%
2 - 0% - 40%
44 Defense
1 - 0% - 60%
2 - 0% - 40%
Last Minute Offensive  - 0:00
Last Minute Defensive  - 0:00
Total
Forward - 60:00
Defense - 60:00

Play by Play

1st period


0:01 of 1st period - Zac Dalpe wins face-off versus Mikael Samuelsson in neutral zone.
0:16 of 1st period - Wrist shot by Justin Shugg.
0:16 of 1st period - Stopped by Mike Murphy with a rebound.
1:02 of 1st period - Calle Jarnkrok is hit by Matt Tennyson and loses puck.
1:50 of 1st period - Icing by Steven Delisle.
1:51 of 1st period - Matt D'Agostini wins face-off versus Matt Lowry in Stars zone.
1:56 of 1st period - Snap shot by Matt D'Agostini.
1:56 of 1st period - Goal by Matt D'Agostini - Stars : 0 - Rampage : 1.
1:57 of 1st period - Justin Shugg wins face-off versus Mikael Samuelsson in neutral zone.
2:08 of 1st period - Wrist shot by Justin Shugg.
2:08 of 1st period - Stopped by Mike Murphy with a rebound.
2:20 of 1st period - Slapshot by Matt Puempel.
2:20 of 1st period - Stopped by Hannu Toivonen with a rebound.
2:22 of 1st period - Slapshot by Charles-Olivier Roussel.
2:22 of 1st period - Shot Misses the Net.
2:24 of 1st period - Wrist shot by Matt Puempel.
2:24 of 1st period - Shot Blocked by Patrik Nemeth.
2:38 of 1st period - Icing by Zac Dalpe.
2:39 of 1st period - Calle Jarnkrok wins face-off versus Zac Dalpe in Stars zone.
3:16 of 1st period - Off-side.
3:17 of 1st period - Alexandre Grenier wins face-off versus Matt Puempel in neutral zone.
3:44 of 1st period - Backhand shot by Alexandre Grenier.
3:44 of 1st period - Shot Misses the Net.
3:46 of 1st period - Wrist shot by Carter Bancks.
3:46 of 1st period - Shot Misses the Net.
3:48 of 1st period - Wrist shot by Matt Lowry.
3:48 of 1st period - Stopped by Mike Murphy with a rebound.
3:54 of 1st period - Snap shot by Matt Lowry.
3:54 of 1st period - Shot Blocked by Matt D'Agostini.
4:50 of 1st period - Martin Frk is hit by Justin Shugg and loses puck.
5:18 of 1st period - Icing by Calle Jarnkrok.
5:19 of 1st period - Calle Jarnkrok wins face-off versus Matt Lowry in Rampage zone.
6:05 of 1st period - Matt Tennyson is hit by Eric Boulton and loses puck.
6:24 of 1st period - Zac Dalpe is hit by Matt Puempel and loses puck.
6:51 of 1st period - Charles-Olivier Roussel is hit by Matt Lowry and loses puck.
7:34 of 1st period - Andrei Loktionov is hit by Justin Shugg and loses puck.
8:04 of 1st period - Matt Lowry is hit by Nick Tuzzolino and loses puck.
8:11 of 1st period - Slapshot by Carter Bancks.
8:11 of 1st period - Stopped by Mike Murphy with a rebound.
8:13 of 1st period - Snap shot by Carter Bancks.
8:13 of 1st period - Stopped by Mike Murphy with a rebound.
11:06 of 1st period - Icing by Calle Jarnkrok.
11:07 of 1st period - Wacey Hamilton wins face-off versus Matt D'Agostini in Rampage zone.
11:18 of 1st period - Michael Davies is hit by Farm Player21 and loses puck.
12:30 of 1st period - Will O'Neill is hit by Matt Tennyson.
12:34 of 1st period - Snap shot by Michael Davies.
12:34 of 1st period - Stopped by Mike Murphy with a rebound.
12:42 of 1st period - Wacey Hamilton is hit by Nick Tuzzolino and loses puck.
13:07 of 1st period - Off-side.
13:08 of 1st period - Calle Jarnkrok wins face-off versus Zac Dalpe in neutral zone.
13:28 of 1st period - Off-side.
13:29 of 1st period - Matt Lowry wins face-off versus Mikael Samuelsson in neutral zone.
13:32 of 1st period - Matt Puempel is hit by Matt Lowry and loses puck.
13:44 of 1st period - Wrist shot by Carter Bancks.
13:44 of 1st period - Stopped by Mike Murphy with a rebound.
13:46 of 1st period - Wrist shot by Alexandre Grenier.
13:46 of 1st period - Shot Misses the Net.
13:48 of 1st period - Snap shot by Matt Lowry.
13:48 of 1st period - Shot Misses the Net.
14:08 of 1st period - Martin Frk is hit by Zac Dalpe and loses puck.
14:29 of 1st period - Wrist shot by Carlo Colaiacovo.
14:29 of 1st period - Goal by Carlo Colaiacovo - Stars : 1 - Rampage : 1.
14:30 of 1st period - Mikael Samuelsson wins face-off versus Matt Lowry in neutral zone.
15:26 of 1st period - Wrist shot by Zac Dalpe.
15:26 of 1st period - Stopped by Mike Murphy without a rebound.
15:27 of 1st period - Zac Dalpe wins face-off versus Calle Jarnkrok in Rampage zone.
19:00 of 1st period - Wrist shot by Mikael Samuelsson.
19:00 of 1st period - Stopped by Hannu Toivonen with a rebound.
19:12 of 1st period - Ryan Potulny is hit by Brett Ponich and loses puck.
19:42 of 1st period - Snap shot by Matt D'Agostini.
19:42 of 1st period - Shot Misses the Net.
Goals for this period are 1 for Stars vs 1 for Rampage.
Shots for this period are 9 for Stars vs 3 for Rampage.

2nd period


0:01 of 2nd period - Justin Shugg wins face-off versus Mikael Samuelsson in neutral zone.
0:03 of 2nd period - Off-side.
0:04 of 2nd period - Zac Dalpe wins face-off versus Mikael Samuelsson in neutral zone.
0:19 of 2nd period - Snap shot by Matt D'Agostini.
0:19 of 2nd period - Shot Blocked by Patrik Nemeth.
0:21 of 2nd period - Slapshot by Matt Puempel.
0:21 of 2nd period - Shot Misses the Net.
0:23 of 2nd period - Wrist shot by Matt D'Agostini.
0:23 of 2nd period - Shot Misses the Net.
0:25 of 2nd period - Slapshot by Andrey Pedan.
0:25 of 2nd period - Shot Misses the Net.
0:27 of 2nd period - Slapshot by Mikael Samuelsson.
0:27 of 2nd period - Shot Misses the Net.
0:29 of 2nd period - Snap shot by Matt Puempel.
0:29 of 2nd period - Goal by Matt Puempel - Stars : 1 - Rampage : 2.
0:30 of 2nd period - Wacey Hamilton wins face-off versus Mikael Samuelsson in neutral zone.
0:37 of 2nd period - Wrist shot by Michael Davies.
0:37 of 2nd period - Shot Misses the Net.
0:39 of 2nd period - Slapshot by Matt Watkins.
0:39 of 2nd period - Shot Blocked by Charles-Olivier Roussel.
0:41 of 2nd period - Wrist shot by Michael Davies.
0:41 of 2nd period - Shot Blocked by Charles-Olivier Roussel.
0:43 of 2nd period - Slapshot by Patrik Nemeth.
0:43 of 2nd period - Shot Misses the Net.
0:49 of 2nd period - Snap shot by Michael Davies.
0:49 of 2nd period - Shot Misses the Net.
1:32 of 2nd period - Minor Penalty to Austin Madaisky for Roughing.
1:33 of 2nd period - Vinny Saponari wins face-off versus Matt D'Agostini in Stars zone.
1:41 of 2nd period - Snap shot by Eric Boulton.
1:41 of 2nd period - Deflect By Matt Puempel.
1:41 of 2nd period - Shot Misses the Net.
1:41 of 2nd period - Puck is out of play.
1:42 of 2nd period - Vinny Saponari wins face-off versus Matt D'Agostini in Stars zone.
1:49 of 2nd period - Wrist shot by Eric Boulton.
1:49 of 2nd period - Goal by Eric Boulton - Stars : 1 - Rampage : 3.
1:50 of 2nd period - Zac Dalpe wins face-off versus Mikael Samuelsson in neutral zone.
2:23 of 2nd period - Wrist shot by Justin Shugg.
2:23 of 2nd period - Stopped by Mike Murphy with a rebound.
2:25 of 2nd period - Snap shot by Zac Dalpe.
2:25 of 2nd period - Stopped by Mike Murphy with a rebound.
2:27 of 2nd period - Wrist shot by Justin Shugg.
2:27 of 2nd period - Stopped by Mike Murphy with a rebound.
2:45 of 2nd period - Nick Tuzzolino is hit by Wacey Hamilton and loses puck.
3:15 of 2nd period - Matt Tennyson is hit by Nick Tuzzolino and loses puck.
3:42 of 2nd period - Steven Delisle is hit by Mikael Samuelsson and loses puck.
3:58 of 2nd period - Matt Puempel is hit by Carter Bancks and loses puck.
4:13 of 2nd period - John Persson is hit by Matt Tennyson and loses puck.
4:32 of 2nd period - Andrei Loktionov is hit by Austin Madaisky.
6:13 of 2nd period - Icing by Martin Frk.
6:14 of 2nd period - Calle Jarnkrok wins face-off versus Matt Lowry in Rampage zone.
7:39 of 2nd period - Off-side.
7:40 of 2nd period - Calle Jarnkrok wins face-off versus Wacey Hamilton in neutral zone.
8:41 of 2nd period - Wrist shot by Alexandre Grenier.
8:41 of 2nd period - Deflect By Carter Bancks.
8:41 of 2nd period - Stopped by Mike Murphy with a rebound.
8:43 of 2nd period - Slapshot by Carlo Colaiacovo.
8:43 of 2nd period - Shot Blocked by Martin Frk.
8:45 of 2nd period - Slapshot by Carlo Colaiacovo.
8:45 of 2nd period - Shot Misses the Net.
10:11 of 2nd period - Wrist shot by Matt D'Agostini.
10:11 of 2nd period - Deflect By Eric Boulton.
10:11 of 2nd period - Shot Misses the Net.
10:11 of 2nd period - Puck is out of play.
10:12 of 2nd period - Matt D'Agostini wins face-off versus Zac Dalpe in Stars zone.
10:33 of 2nd period - Snap shot by Michael Davies.
10:33 of 2nd period - Shot Blocked by Will O'Neill.
10:51 of 2nd period - Slapshot by Carlo Colaiacovo.
10:51 of 2nd period - Shot Misses the Net.
10:53 of 2nd period - Slapshot by Carlo Colaiacovo.
10:53 of 2nd period - Shot Misses the Net.
10:55 of 2nd period - Snap shot by Carlo Colaiacovo.
10:55 of 2nd period - Shot Misses the Net.
10:57 of 2nd period - Snap shot by Carter Bancks.
10:57 of 2nd period - Shot Blocked by Will O'Neill.
10:59 of 2nd period - Slapshot by Carlo Colaiacovo.
10:59 of 2nd period - Stopped by Mike Murphy with a rebound.
11:21 of 2nd period - Charles-Olivier Roussel is hit by Carlo Colaiacovo and loses puck.
11:50 of 2nd period - Wrist shot by Eric Boulton.
11:50 of 2nd period - Stopped by Hannu Toivonen with a rebound.
11:54 of 2nd period - Snap shot by Eric Boulton.
11:54 of 2nd period - Deflect By Carlo Colaiacovo.
11:54 of 2nd period - Shot Misses the Net.
11:54 of 2nd period - Puck is out of play.
11:55 of 2nd period - Farm Player21 wins face-off versus Wacey Hamilton in Stars zone.
12:04 of 2nd period - Snap shot by Michael Davies.
12:04 of 2nd period - Shot Misses the Net.
12:06 of 2nd period - Snap shot by Michael Davies.
12:06 of 2nd period - Shot Misses the Net.
12:31 of 2nd period - Snap shot by Carter Bancks.
12:31 of 2nd period - Shot Misses the Net.
12:59 of 2nd period - Carlo Colaiacovo is hit by Eric Boulton and loses puck.
13:41 of 2nd period - Nick Tuzzolino is hit by Justin Shugg and loses puck.
14:33 of 2nd period - Snap shot by Zac Dalpe.
14:33 of 2nd period - Shot Misses the Net.
14:35 of 2nd period - Wrist shot by Alexandre Grenier.
14:35 of 2nd period - Shot Misses the Net.
14:37 of 2nd period - Slapshot by Carlo Colaiacovo.
14:37 of 2nd period - Shot Hit the Post.
15:32 of 2nd period - Austin Madaisky is hit by Nick Tuzzolino.
16:18 of 2nd period - Snap shot by Jamie Oleksiak.
16:18 of 2nd period - Deflect By Alexandre Grenier.
16:18 of 2nd period - Stopped by Mike Murphy without a rebound.
16:19 of 2nd period - Mikael Samuelsson wins face-off versus Wacey Hamilton in Rampage zone.
16:56 of 2nd period - Wrist shot by Calle Jarnkrok.
16:56 of 2nd period - Stopped by Hannu Toivonen with a rebound.
16:58 of 2nd period - Snap shot by Calle Jarnkrok.
16:58 of 2nd period - Stopped by Hannu Toivonen with a rebound.
17:00 of 2nd period - Slapshot by Will O'Neill.
17:00 of 2nd period - Stopped by Hannu Toivonen with a rebound.
17:50 of 2nd period - Backhand shot by Carlo Colaiacovo.
17:50 of 2nd period - Shot Blocked by Ryan Potulny.
17:52 of 2nd period - Wrist shot by Michael Davies.
17:52 of 2nd period - Stopped by Mike Murphy with a rebound.
18:44 of 2nd period - Slapshot by Johan Sundstrom.
18:44 of 2nd period - Shot Blocked by Spencer Machacek.
18:46 of 2nd period - Slapshot by Eric Boulton.
18:46 of 2nd period - Deflect By Spencer Machacek.
18:46 of 2nd period - Stopped by Hannu Toivonen with a rebound.
19:32 of 2nd period - Slapshot by Alexandre Grenier.
19:32 of 2nd period - Stopped by Mike Murphy with a rebound.
Goals for this period are 0 for Stars vs 2 for Rampage.
Shots for this period are 8 for Stars vs 7 for Rampage.

3rd period


0:01 of 3rd period - Mikael Samuelsson wins face-off versus Zac Dalpe in neutral zone.
0:06 of 3rd period - Wrist shot by Mikael Samuelsson.
0:06 of 3rd period - Shot Misses the Net.
0:08 of 3rd period - Wrist shot by Mikael Samuelsson.
0:08 of 3rd period - Shot Blocked by Zac Dalpe.
0:17 of 3rd period - Minor Penalty to Patrik Nemeth for Tripping.
0:18 of 3rd period - Vinny Saponari wins face-off versus Matt D'Agostini in Stars zone.
0:30 of 3rd period - Slapshot by Eric Boulton.
0:30 of 3rd period - Shot Misses the Net.
0:32 of 3rd period - Wrist shot by Matt Puempel.
0:32 of 3rd period - Stopped by Hannu Toivonen with a rebound.
0:34 of 3rd period - Snap shot by Eric Boulton.
0:34 of 3rd period - Goal by Eric Boulton - Stars : 1 - Rampage : 4.
0:34 of 3rd period - Joey MacDonald enters game.
0:35 of 3rd period - Justin Shugg wins face-off versus Matt Puempel in neutral zone.
0:38 of 3rd period - Wrist shot by Justin Shugg.
0:38 of 3rd period - Shot Blocked by Matt Puempel.
0:58 of 3rd period - Vinny Saponari is hit by Matt D'Agostini and loses puck.
1:06 of 3rd period - Icing by Vinny Saponari.
1:07 of 3rd period - Zac Dalpe wins face-off versus Calle Jarnkrok in Stars zone.
1:41 of 3rd period - Wrist shot by Michael Davies.
1:41 of 3rd period - Stopped by Mike Murphy with a rebound.
1:43 of 3rd period - Wrist shot by Matt Tennyson.
1:43 of 3rd period - Stopped by Mike Murphy with a rebound.
2:10 of 3rd period - Icing by Matt Watkins.
2:11 of 3rd period - Matt Lowry wins face-off versus Mikael Samuelsson in Stars zone.
3:29 of 3rd period - Snap shot by Calle Jarnkrok.
3:29 of 3rd period - Stopped by Joey MacDonald with a rebound.
3:43 of 3rd period - John Persson is hit by Justin Shugg and loses puck.
4:02 of 3rd period - Wrist shot by Michael Davies.
4:02 of 3rd period - Stopped by Mike Murphy with a rebound.
4:06 of 3rd period - Slapshot by Michael Davies.
4:06 of 3rd period - Deflect By Matt Watkins.
4:06 of 3rd period - Shot Misses the Net.
4:06 of 3rd period - Puck is out of play.
4:07 of 3rd period - Wacey Hamilton wins face-off versus Calle Jarnkrok in Rampage zone.
4:42 of 3rd period - Patrik Nemeth is hit by Eric Boulton and loses puck.
4:53 of 3rd period - Snap shot by Matt Lowry.
4:53 of 3rd period - Shot Blocked by Mikael Samuelsson.
4:59 of 3rd period - Alexandre Grenier is hit by Eric Boulton.
5:33 of 3rd period - John Persson is hit by Zac Dalpe and loses puck.
5:42 of 3rd period - Vinny Saponari is hit by Matt Puempel and loses puck.
6:07 of 3rd period - Snap shot by Matt Puempel.
6:07 of 3rd period - Stopped by Joey MacDonald without a rebound.
6:08 of 3rd period - Farm Player21 wins face-off versus Wacey Hamilton in Stars zone.
6:09 of 3rd period - Snap shot by John Persson.
6:09 of 3rd period - Shot Misses the Net.
6:11 of 3rd period - Snap shot by Matt Puempel.
6:11 of 3rd period - Stopped by Joey MacDonald with a rebound.
6:23 of 3rd period - Michael Davies is hit by Farm Player22 and loses puck.
6:38 of 3rd period - Calle Jarnkrok is hit by Austin Madaisky and loses puck.
8:21 of 3rd period - Carlo Colaiacovo is hit by Nick Tuzzolino and loses puck.
8:43 of 3rd period - Icing by Alexandre Grenier.
8:44 of 3rd period - Mikael Samuelsson wins face-off versus Matt Lowry in Stars zone.
9:11 of 3rd period - Minor Penalty to Andrey Pedan for Holding.
9:12 of 3rd period - Justin Shugg wins face-off versus Eric Boulton in Rampage zone.
10:17 of 3rd period - Nick Tuzzolino is hit by Steven Delisle.
10:21 of 3rd period - Nick Tuzzolino is hit by Alexandre Grenier and loses puck.
10:36 of 3rd period - Nick Tuzzolino is hit by Michael Davies and loses puck.
11:10 of 3rd period - Farm Player21 is hit by Justin Shugg and loses puck.
11:11 of 3rd period - Penalty to Andrey Pedan is over, Andrey Pedan is back on ice.
11:55 of 3rd period - Snap shot by Andrei Loktionov.
11:55 of 3rd period - Shot Misses the Net.
11:57 of 3rd period - Snap shot by Calle Jarnkrok.
11:57 of 3rd period - Stopped by Joey MacDonald with a rebound.
11:59 of 3rd period - Slapshot by Charles-Olivier Roussel.
11:59 of 3rd period - Shot Blocked by Carlo Colaiacovo.
11:59 of 3rd period - Carlo Colaiacovo from Stars is injured at 11:59 of 3rd period (Strained Left Elbow).
12:00 of 3rd period - Zac Dalpe wins face-off versus Matt Puempel in Stars zone.
12:11 of 3rd period - Wrist shot by Matt D'Agostini.
12:11 of 3rd period - Stopped by Joey MacDonald without a rebound.
12:12 of 3rd period - Matt Puempel wins face-off versus Zac Dalpe in Stars zone.
12:17 of 3rd period - Snap shot by Matt D'Agostini.
12:17 of 3rd period - Shot Misses the Net.
12:19 of 3rd period - Backhand shot by Charles-Olivier Roussel.
12:19 of 3rd period - Shot Blocked by Austin Madaisky.
12:21 of 3rd period - Snap shot by Matt D'Agostini.
12:21 of 3rd period - Goal by Matt D'Agostini - Stars : 1 - Rampage : 5.
12:22 of 3rd period - Justin Shugg wins face-off versus Mikael Samuelsson in neutral zone.
12:41 of 3rd period - Matt D'Agostini is hit by Austin Madaisky.
14:03 of 3rd period - Matt Lowry is hit by Will O'Neill and loses puck.
15:25 of 3rd period - Snap shot by Michael Davies.
15:25 of 3rd period - Stopped by Mike Murphy with a rebound.
16:19 of 3rd period - Mikael Samuelsson is hit by Carter Bancks and loses puck.
16:29 of 3rd period - Icing by Will O'Neill.
16:30 of 3rd period - Wacey Hamilton wins face-off versus Matt D'Agostini in Rampage zone.
17:03 of 3rd period - Matt Puempel is hit by Justin Shugg and loses puck.
17:08 of 3rd period - Snap shot by Zac Dalpe.
17:08 of 3rd period - Shot Misses the Net.
18:23 of 3rd period - Matt Watkins is hit by Farm Player21 and loses puck.
18:36 of 3rd period - Wrist shot by Matt Puempel.
18:36 of 3rd period - Shot Misses the Net.
18:38 of 3rd period - Slapshot by Andrey Pedan.
18:38 of 3rd period - Stopped by Joey MacDonald with a rebound.
18:40 of 3rd period - Wrist shot by John Persson.
18:40 of 3rd period - Stopped by Joey MacDonald without a rebound.
18:41 of 3rd period - Zac Dalpe wins face-off versus Farm Player21 in Stars zone.
19:52 of 3rd period - Slapshot by Matt Puempel.
19:52 of 3rd period - Shot Blocked by Brett Ponich.
Goals for this period are 0 for Stars vs 2 for Rampage.
Shots for this period are 4 for Stars vs 10 for Rampage.


Output by the SimonT Hockey Simulator (STHS) for Eric Dolegowski -- Original Page W3C XHTML 1.0 Valid
Hockey Simulator - Hockey Simulation - Hockey Manager